Workbook
Name \0: #REF!
Name \a: #REF!
Name \a: #REF!
Name \a: #REF!
Name \c: '[1]Bm 8'!#REF!
Name \d: '[1]Bm 8'!#REF!
Name \f: #N/A
Name \p: #N/A
Name \q: '[1]Bm 8'!#REF!
Name \s: '[1]Bm 8'!#REF!
Name \x: '[1]Bm 8'!#REF!
Name __BOR1: '[1]Bm 8'!#REF!
Name __BOR1: '[1]Bm 8'!#REF!
Name __BOR1: '[1]Bm 8'!#REF!
Name __BOR1: '[1]Bm 8'!#REF!
Name __BOR1: '[1]Bm 8'!#REF!
Name _1Excel_BuiltIn_Print_Area_3_1: #REF!
Name _BOR1: '[1]Bm 8'!#REF!
Name _tot1: [3]PLANILHA!#REF!
Name _VR1: #REF!
Name a: '[1]Bm 8'!#REF!
Name aaa: #REF!
Name aaa: #REF!
Name aaa: #REF!
Name acha.coluna: #REF!
Name Área_impressão_IM: #REF!
Name ASDF: #REF!
Name ASDF: #REF!
Name ASDF: #REF!
Name ASDF: #REF!
Name ASDF: #REF!
Name bdi: [3]PLANILHA!$H$123
Name BLOCRET: #REF!
Name cliente: #REF!
Name Código: #REF!
Name COORD: #REF!
Name ctdireto: #REF!
Name ctindireto: #REF!
Name data: #REF!
Name ENG.CESP: #REF!
Name ENG.CIV: #REF!
Name ENG.ELE: #REF!
Name Excel_BuiltIn__FilterDatabase: #REF!
Name Excel_BuiltIn_Print_Area_1: #REF!
Name Excel_BuiltIn_Print_Area_1_1: #REF!
Name Excel_BuiltIn_Print_Area_2: #REF!
Name Excel_BuiltIn_Print_Area_3: #REF!
Name Excel_BuiltIn_Print_Area_4: #REF!
Name Excel_BuiltIn_Print_Area_4_1: #REF!
Name Excel_BuiltIn_Print_Titles_1: #REF!
Name Excel_BuiltIn_Print_Titles_1_1: (#REF!,#REF!)
Name EXTREDE: #REF!
Name GEO_ECI: #REF!
Name INSUMOS: [5]MAT!$A$3:$E$249
Name INSUMOS: [6]MAT!$A$3:$E$249
Name INSUMOS: [6]MAT!$A$3:$E$249
Name local: #REF!
Name MmExcelLinker_CBF3F7D5_5F0E_4EA5_B59F_34028F0F12D2: [7]PLAN_FORN!#REF!
Name MmExcelLinker_CBF3F7D5_5F0E_4EA5_B59F_34028F0F12D2: [8]PLAN_FORN!#REF!
Name MmExcelLinker_CBF3F7D5_5F0E_4EA5_B59F_34028F0F12D2: [7]PLAN_FORN!#REF!

Sheet PLANILHA MED 03
A1: GOVERNO DO ESTADO DO ESPÍRITO SANTO POLÍCIA CIVIL/ES
J2: MEDIÇÃO
A3: Objeto:SERVIÇOS DE ELABORAÇÃO DE PROJEOS EXECUTIVOS DE ARQUITETURA E ENGENHARIA PARA CONSTRUÇÃODE EDIFÍCIO – NOVA SEDE DA DIVISÃO ESPECIALIZADA DE FURTOS E ROUBOS DE VEÍCULOS | H3: VALOR (R$) | J3: Nº | K3: PERÍODO
A4: CONTRATADA : DAN ENGENHARIA PROJETOS E CONSULTORIA LTDA | G4: 01/01/2025 A 29/11/2025 | H4: 516855.5 | J4: 3 | K4: 01/01/2025 A 29/11/2025
A5: LOCAL: Rua Construtor Camilo Gianórdoli, nº 553 – Horto – Vitória/ES - CEP: 29.306-500
A6: ITENS | B6: DESCRIÇÃO DO SERVIÇO | C6: UND. | D6: QUANT. | E6: P. UNITÁRIO (R$) | F6: PREÇO TOTAL (R$) | G6: EXECUTADOS ACUMULADOS | J6: À EXECUTAR
A7: 01 | B7: SERVIÇOS INICIAIS | G7: Qt | H7: Preço total | I7: % | J7: Qt | K7: Preço total | L7: %
A8: 01.01 | B8: Equipe topográfica para serviços simples de locação e nivelamento (incluindo equipamento, transporte e profissionais nivel médio) | C8: mês | D8: 0.62 | E8: 21000 | F8: =D8*E8 -> 13020 | G8: 0.62 | H8: =G8*$E8 -> 13020 | I8: =H8/$F8 -> 1
A9: 01.02 | B9: Mobilização e desmobilização de equipe e equipamento de sondagem rotativa, inclusive deslocamento na Grande Vitória | C9: und | D9: 1 | E9: 2600 | F9: =D9*E9 -> 2600 | J9: =D9-G9 -> 1 | K9: =J9*$E9 -> 2600 | L9: =K9/$F9 -> 1
A10: 01.03 | B10: Mobilização e desmobilização de equipe e equipamento de sondagem SPT, inclusive deslocamento na Grande Vitória | C10: und | D10: 1 | E10: 1700 | F10: =D10*E10 -> 1700 | G10: 1 | H10: =G10*$E10 -> 1700 | I10: =H10/$F10 -> 1
A11: 01.04 | B11: Sondagem de simples reconhecimento tipo SPT, incl. deslocamento local do equipamento até 500 m | C11: m | D11: 100.75 | E11: 105 | F11: =D11*E11 -> 10578.75 | G11: 36.38 | H11: =G11*$E11 -> 3819.9 | I11: =H11/$F11 -> 0.36109181 | J11: =D11-G11 -> 64.37 | K11: =J11*$E11 -> 6758.85 | L11: =K11/$F11 -> 0.63890819
A12: 01.05 | B12: Sondagem rotativa em alteração de rocha inclusive deslocamento local do equipamento até 500 m | C12: m | D12: 8 | E12: 460 | F12: =D12*E12 -> 3680 | J12: =D12-G12 -> 8 | K12: =J12*$E12 -> 3680 | L12: =K12/$F12 -> 1
A13: 01.06 | B13: Sondagem rotativa em rocha sã ou fraturada inclusive deslocamento local do equipamento até 500m | C13: m | D13: 10 | E13: 600 | F13: =D13*E13 -> 6000 | J13: =D13-G13 -> 10 | K13: =J13*$E13 -> 6000 | L13: =K13/$F13 -> 1
A14: 01.07 | B14: Sondagem rotativa em solo, inclusive deslocamento local do equipamento até 500m | C14: m | D14: 30 | E14: 289 | F14: =D14*E14 -> 8670 | J14: =D14-G14 -> 30 | K14: =J14*$E14 -> 8670 | L14: =K14/$F14 -> 1
A15: 01.08 | B15: Ensaio de Indíce de suporte Califórnia | C15: und | D15: 6 | E15: 350 | F15: =D15*E15 -> 2100 | J15: =D15-G15 -> 6 | K15: =J15*$E15 -> 2100 | L15: =K15/$F15 -> 1
A16: 01.09 | B16: Ensaio de Limites de Liquidez e Plasticidade - por amostra | C16: und | D16: 6 | E16: 170 | F16: =D16*E16 -> 1020 | J16: =D16-G16 -> 6 | K16: =J16*$E16 -> 1020 | L16: =K16/$F16 -> 1
F17: =SUM(F8:F16) -> 49368.75 | H17: =SUM(H8:H16) -> 18539.9 | I17: =H17/$F17 -> 0.37553918 | K17: =SUM(K8:K16) -> 30828.85 | L17: =K17/$F17 -> 0.62446082
A18: 02.01 | B18: PROJETOS
A19: 02.01.01 | B19: PROJETO ARQUITETÔNICO | C19: m2 | D19: 4110 | E19: 25 | F19: =D19*E19 -> 102750 | G19: 2883.9645 | H19: =G19*$E19 -> 72099.113 | I19: =H19/$F19 -> 0.70169453 | J19: =D19-G19 -> 1226.0355 | K19: =J19*$E19 -> 30650.887 | L19: =K19/$F19 -> 0.29830547
A20: 02.01.02 | B20: LEVANTAMENTO ARQUITETÔNICO | C20: m2 | D20: 965 | E20: 3.6 | F20: =D20*E20 -> 3474 | G20: 899.93 | H20: =G20*$E20 -> 3239.748 | I20: =H20/$F20 -> 0.93256995 | J20: =D20-G20 -> 65.07 | K20: =J20*$E20 -> 234.252 | L20: =K20/$F20 -> 0.067430052
A21: 02.01.03 | B21: PROJETO ESTRUTURAL, INCLUSIVE FUNDAÇÃO | C21: m2 | D21: 4514.6 | E21: 16.5 | F21: =D21*E21 -> 74490.9 | G21: 2289.018 | H21: =G21*$E21 -> 37768.797 | I21: =H21/$F21 -> 0.50702565 | J21: =D21-G21 -> 2225.582 | K21: =J21*$E21 -> 36722.103 | L21: =K21/$F21 -> 0.49297435
A22: 02.01.04 | B22: PROJETO DE ESTRUTURA METALICA | C22: m2 | D22: 700 | E22: 13.6 | F22: =D22*E22 -> 9520 | G22: 352.6192 | H22: =G22*$E22 -> 4795.6211 | I22: =H22/$F22 -> 0.50374171 | J22: =D22-G22 -> 347.3808 | K22: =J22*$E22 -> 4724.3789 | L22: =K22/$F22 -> 0.49625829
A23: 02.01.05 | B23: PROJETO HIDROSSANITÁRIO | C23: m2 | D23: 4110 | E23: 9 | F23: =D23*E23 -> 36990 | G23: 2565.4004 | H23: =G23*$E23 -> 23088.604 | I23: =H23/$F23 -> 0.62418501 | J23: =D23-G23 -> 1544.5996 | K23: =J23*$E23 -> 13901.396 | L23: =K23/$F23 -> 0.37581499
A24: 02.01.06 | B24: LEVANTAMENTO DE REDES HIDROSSANITÁRIAS | C24: m2 | D24: 965 | E24: 1.25 | F24: =D24*E24 -> 1206.25 | G24: 899.93 | H24: =G24*$E24 -> 1124.9125 | I24: =H24/$F24 -> 0.93256995 | J24: =D24-G24 -> 65.07 | K24: =J24*$E24 -> 81.3375 | L24: =K24/$F24 -> 0.067430052
A25: 02.01.07 | B25: PROJETO REDES ELÉTRICAS | C25: m2 | D25: 4110 | E25: 10 | F25: =D25*E25 -> 41100 | G25: 2162.2755 | H25: =G25*$E25 -> 21622.755 | I25: =H25/$F25 -> 0.5261011 | J25: =D25-G25 -> 1947.7245 | K25: =J25*$E25 -> 19477.245 | L25: =K25/$F25 -> 0.4738989
A26: 02.01.08 | B26: LEVANTAMENTO DE CARGAS E REDES ELÉTRICAS | C26: m2 | D26: 965 | E26: 1.25 | F26: =D26*E26 -> 1206.25 | G26: 899.93 | H26: =G26*$E26 -> 1124.9125 | I26: =H26/$F26 -> 0.93256995 | J26: =D26-G26 -> 65.07 | K26: =J26*$E26 -> 81.3375 | L26: =K26/$F26 -> 0.067430052
A27: 02.01.09 | B27: PROJETO DO SIST.DE CABEAMENTO ESTRUTURADO (VOZ, DADOS E SONORIZAÇÃO) | C27: m2 | D27: 3160 | E27: 5.15 | F27: =D27*E27 -> 16274 | G27: 1948.03 | H27: =G27*$E27 -> 10032.355 | I27: =H27/$F27 -> 0.61646519 | J27: =D27-G27 -> 1211.97 | K27: =J27*$E27 -> 6241.6455 | L27: =K27/$F27 -> 0.38353481
A28: 02.01.10 | B28: PROJETO DE PREVENÇÃO E COMBATE A INCÊNCIO | C28: m2 | D28: 5710 | E28: 2.8 | F28: =D28*E28 -> 15988 | G28: 2143.9438 | H28: =G28*$E28 -> 6003.0425 | I28: =H28/$F28 -> 0.37547176 | J28: =D28-G28 -> 3566.0562 | K28: =J28*$E28 -> 9984.9575 | L28: =K28/$F28 -> 0.62452824
A29: 02.01.11 | B29: PROJETO DE CLIMATIZAÇÃO E CONFORTO AMBIENTAL | C29: m2 | D29: 2660 | E29: 4.45 | F29: =D29*E29 -> 11837 | G29: 1323.44 | H29: =G29*$E29 -> 5889.308 | I29: =H29/$F29 -> 0.49753383 | J29: =D29-G29 -> 1336.56 | K29: =J29*$E29 -> 5947.692 | L29: =K29/$F29 -> 0.50246617
A30: 02.01.12 | B30: PROJETO DE ALARME E CFTV | C30: m2 | D30: 4110 | E30: 2.7 | F30: =D30*E30 -> 11097 | G30: 1948.03 | H30: =G30*$E30 -> 5259.681 | I30: =H30/$F30 -> 0.47397324 | J30: =D30-G30 -> 2161.97 | K30: =J30*$E30 -> 5837.319 | L30: =K30/$F30 -> 0.52602676
... A33: 02.01.15 | B33: Planilha Orçamentária (PLANILHA DE QUANTITATIVOS, MEMÓRIA DE CALCULO, COMPOSIÇÕES DE CUSTOS, CRONOGRAMA FÍSICO-FINANCEIRO E COTAÇÕES DE PREÇOS) | C33: m2 | D33: 4383.7 | E33: 5.6 | F33: =D33*E33 -> 24548.72 | G33: 2763.88 | H33: =G33*$E33 -> 15477.728 | I33: =H33/$F33 -> 0.63049023 | J33: =D33-G33 -> 1619.82 | K33: =J33*$E33 -> 9070.992 | L33: =K33/$F33 -> 0.36950977
F34: =SUM(F19:F33) -> 373498.12 | H34: =SUM($H19:H33) -> 218435.54 | I34: =H34/$F34 -> 0.58483707 | K34: =SUM($K19:K33) -> 155062.58 | L34: =K34/$F34 -> 0.41516293
A35: 02.02 | B35: IMPLEMENTOS EXTERNOS E PAISAGISMO
A36: 02.02.01 | B36: PROJETO REDES ELÉTRICAS | C36: m2 | D36: 168.7 | E36: 3.05 | F36: =D36*E36 -> 514.535 | G36: 168.7 | H36: =G36*$E36 -> 514.535 | I36: =H36/$F36 -> 1
A37: 02.02.02 | B37: PROJETO HIDROSSANITÁRIO | C37: m2 | D37: 168.7 | E37: 2.15 | F37: =D37*E37 -> 362.705 | G37: 168.7 | H37: =G37*$E37 -> 362.705 | I37: =H37/$F37 -> 1
A38: 02.02.03 | B38: TERRAPLENAGEM | C38: m2 | D38: 918.7 | E38: 2.2 | F38: =D38*E38 -> 2021.14 | G38: 0 | H38: =G38*$E38 -> 0 | I38: =H38/$F38 -> 0 | J38: =D38-G38 -> 918.7 | K38: =J38*$E38 -> 2021.14 | L38: =K38/$F38 -> 1
A39: 02.02.04 | B39: DRENAGEM | C39: m2 | D39: 168.7 | E39: 2.6 | F39: =D39*E39 -> 438.62 | G39: 168.7 | H39: =G39*$E39 -> 438.62 | I39: =H39/$F39 -> 1
A40: 02.02.05 | B40: PROJETO DE PREVENÇÃO E COMBATE A INCÊNCIO | C40: m2 | D40: 168.7 | E40: 0.9 | F40: =D40*E40 -> 151.83 | G40: 168.7 | H40: =G40*$E40 -> 151.83 | I40: =H40/$F40 -> 1
A41: 02.02.06 | B41: PROJETO DE URBANISMO | C41: m2 | D41: 273.7 | E41: 4 | F41: =D41*E41 -> 1094.8 | G41: 273.7 | H41: =G41*$E41 -> 1094.8 | I41: =H41/$F41 -> 1
A42: 02.02.07 | B42: PROJETO DE PAISAGISMO | C42: m2 | D42: 70 | E42: 2.6 | F42: =D42*E42 -> 182 | G42: 70 | H42: =G42*$E42 -> 182 | I42: =H42/$F42 -> 1
A43: 02.02.08 | B43: PROJETO DE SINALIZAÇÃO (INTERNO E EXTERNO) | C43: m2 | D43: 4110 | E43: 4.25 | F43: =D43*E43 -> 17467.5 | G43: 1948.03 | H43: =G43*$E43 -> 8279.1275 | I43: =H43/$F43 -> 0.47397324 | J43: =D43-G43 -> 2161.97 | K43: =J43*$E43 -> 9188.3725 | L43: =K43/$F43 -> 0.52602676
F44: =SUM(F36:F43) -> 22233.13 | H44: =SUM(H36:H43) -> 11023.618 | I44: =H44/F44 -> 0.49581941 | K44: =SUM($K36:K43) -> 11209.513 | L44: =K44/$F44 -> 0.50418059
A45: 02.03 | B45: MAQUETE ELETRONICA
A46: 02.03.01 | B46: MAQUETE ELETRONICA – (Imagem 3D) | C46: m2 | D46: 4110 | E46: 4.05 | F46: =D46*E46 -> 16645.5 | G46: 1948.03 | H46: =G46*$E46 -> 7889.5215 | I46: =H46/$F46 -> 0.47397324 | J46: =D46-G46 -> 2161.97 | K46: =J46*$E46 -> 8755.9785 | L46: =K46/$F46 -> 0.52602676
F47: =SUM(F46) -> 16645.5 | H47: =SUM(H46) -> 7889.5215 | I47: =H47/$F47 -> 0.47397324 | K47: =SUM(K46) -> 8755.9785 | L47: =K47/$F47 -> 0.52602676
A48: 03.01 | B48: SERVIÇOS DE PROJETOS ESPECIALIZADOS
A49: 03.01.01 | B49: ESTUDO E RELATÓRIO DE DIMENSIONAMENTO DO TRANSPORTE VERTICAL (ELEVADORES) | C49: und | D49: 1 | E49: 4350 | F49: =D49*E49 -> 4350 | G49: 1 | H49: =G49*$E49 -> 4350 | I49: =H49/$F49 -> 1
A50: 03.01.02 | B50: PCMAT - PROGRAMA DE CONDIÇÕES E MEIO AMBIENTE DE TRABALHO NA INDÚSTRIA DA CONSTRUÇÃO | C50: und | D50: 1 | E50: 8750 | F50: =D50*E50 -> 8750 | G50: 1 | H50: =G50*$E50 -> 8750 | I50: =H50/$F50 -> 1
A51: 03.01.03 | B51: PCA - PROGRAMA DE CONTROLE AMBIENTAL | C51: und | D51: 1 | E51: 8750 | F51: =D51*E51 -> 8750 | G51: 1 | H51: =G51*$E51 -> 8750 | I51: =H51/$F51 -> 1
A52: 03.01.04 | B52: PLANO DE EXECUÇÃO E METODOLOGIA EXECUTIVA DA OBRA | C52: und | D52: 1 | E52: 10000 | F52: =D52*E52 -> 10000 | G52: 1 | H52: =G52*$E52 -> 10000 | I52: =H52/$F52 -> 1
F53: =SUM(F49:F52) -> 31850 | H53: =SUM(H49:H52) -> 31850 | I53: =H53/$F53 -> 1 | K53: =SUM(K49:K52) -> 0 | L53: =K53/$F53 -> 0
A54: 03.02 | B54: PROJETOS E ESTUDOS DE GEOTECNIA DE FUNDAÇÃO
A55: 03.02.01 | B55: PROJETO DA SOLUÇÃO TÉCNICA E DIMENSIONAMENTO DA FUNDAÇÃO DO PRÉDIO E DO CÁLCULO DO EMPUXO DAS CONTENÇÃO/CORTINAS E SUBPRESSÃO NO PISO DO PAVIMENTO SUBSOLO . | C55: und | D55: 1 | E55: 15000 | F55: =D55*E55 -> 15000 | G55: 0.75 | H55: =G55*E55 -> 11250 | I55: =H55/F55 -> 0.75 | J55: =D55-G55 -> 0.25 | K55: =J55*$E55 -> 3750 | L55: =K55/$F55 -> 0.25
A56: 03.02.02 | B56: PROJETO DE ESCORAMENTO TERRA E DA FUNDAÇÕES VIZINHAS PARA EXECUÇÃO/ESCAVAÇÕES DAS FUNDAÇÕES E DO SUBSOLO; | C56: und | D56: 1 | E56: 4130 | F56: =D56*E56 -> 4130 | G56: 0 | H56: =G56*E56 -> 0 | I56: =H56/F56 -> 0 | J56: =D56-G56 -> 1 | K56: =J56*$E56 -> 4130 | L56: =K56/$F56 -> 1
A57: 03.02.03 | B57: PROJETO DE REBAIXAMENTO DE LENÇOL FREÁTICO; | C57: und | D57: 1 | E57: 4130 | F57: =D57*E57 -> 4130 | G57: 1 | H57: =G57*E57 -> 4130 | I57: =H57/F57 -> 1
F58: =SUM(F55:F57) -> 23260 | H58: =SUM(H55:H57) -> 15380 | K58: =SUM(K55:K57) -> 7880 | L58: =K58/$F58 -> 0.33877902
C60: Total Contratado | F60: =F58+F53+F47+F44+F34+F17 -> 516855.5 | G60: =H58+H53+H47+H44+H34+H17 -> 303118.58 | J60: =SUM(K8:K58)/2 -> 213736.92
J61: SALDO A EXECUTAR

Sheet CPU_H_H_CAMPO_G_MARINHO
A2: PROJETOS EXECUTIVOS DO SISTEMA DE MANEJO DE ÁGUAS PLUVIAIS DAS BACIAS HIDROGRÁFICASDO CÓRREGO CAMPO GRANDE, CANAL MARINHO, CÓRREGO JARDIM DE ALAH E CANAL GUARANHUNS
A3: SERVIÇOS TÉCNICOS PARA ELABORAÇÃO DE PROJETOS E PLANILHA ORÇAMENTÁRIA
A4: COMPOSIÇÃO ANALÍTICA DE PREÇO UNITÁRIO - CPU H/H - BACIA CAMPO GRANDE / MARINHO
A5: PARA FINS DE APURAÇÃO DOS VALORES DOS PROJETOS A SEREM ELABORADOS FOI UTILIZADO O CONCEITO DE ÁREA E KM PARA ESTIMATIVA DA QUANTIDADE DE HOMEM-HORA (H/H) DE CADA PRODUTO. PORÉM, ESSAS ÁREAS E KM NÃO DEVEM SER UTILIZADAS COMO CRITÉRIO DE MEDIÇÃO, JÁ QUE OS ITENS DEVERÃO SER PAGOS POR CONJUNTO DE PROJETOS ELABORADOS PARA CADA PRODUTO
G6: DATA BASE: JANEIRO/2019
A7: ITENS | B7: CÓDIGO | C7: ORGÃO | D7: DESCRIÇÃO DOS SERVIÇOS | E7: UND. | F7: QUANT. | G7: P. UNITÁRIO (R$) | H7: TOTAL H/H | I7: PREÇO TOTAL (R$)
A8: 2.1 | D8: PROJETOS EXECUTIVOS DA ESTAÇÃO DE BOMBEAMENTO DE ÁGUAS PLUVIAIS - EBAP FOZ DO MARINHO (Q=20 A 30M³/S),INCLUSIVE LINHA DE RECALQUE E SISTEMA DE COMPORTA | I8: =I9+I200 -> 89009.71 | K8: =I22+I41+I60+I81+I100+I119+I138+I159+I178 -> 0 | L8: =I8-K8 -> 89009.71
A9: 2.1.1 | D9: PROJETOS EXECUTIVOS DA ESTAÇÃO DE BOMBEAMENTO DE ÁGUAS PLUVIAIS - EBAP FOZ DO MARINHO,INCLUSIVE SISTEMA DE COMPORTA | F9: 400 | G9: (m²) | I9: =I21 -> 84825.49 | K9: =I23+I42+I61+I82+I101+I120+I139+I160+I179 -> 84825.44 | L9: =I9-K9 -> 0.05
A10: 2.1.1.1 | D10: TOTAL DE H/H DOS PROJETOS
A11: 2.1.1.1.1 | B11: 93571 | C11: SINAPI | D11: =VLOOKUP(B11,MAO_OBRA_PROJETO!D:G,2,FALSE) -> Arquiteto Sênior | E11: =VLOOKUP(B11,MAO_OBRA_PROJETO!D:G,3,FALSE) -> h | F11: =SUMIF(B24:H199,B11:B17,H24:H199) -> 90 | G11: =VLOOKUP(B11,MAO_OBRA_PROJETO!D:M,4,FALSE) -> 91.51 | I11: =TRUNC(F11*G11,2) -> 8235.9
A12: 2.1.1.1.2 | B12: 93568 | C12: SINAPI | D12: =VLOOKUP(B12,MAO_OBRA_PROJETO!D:G,2,FALSE) -> Engenheiro Civil Sênior | E12: =VLOOKUP(B12,MAO_OBRA_PROJETO!D:G,3,FALSE) -> h | F12: =SUMIF(B24:H199,B11:B17,H24:H199) -> 312 | G12: =VLOOKUP(B12,MAO_OBRA_PROJETO!D:M,4,FALSE) -> 91.51 | I12: =TRUNC(F12*G12,2) -> 28551.12
A13: 2.1.1.1.3 | B13: 91677 | C13: DER | D13: =VLOOKUP(B13,MAO_OBRA_PROJETO!D:G,2,FALSE) -> Engenheiro Eletricista (Sênior) | E13: =VLOOKUP(B13,MAO_OBRA_PROJETO!D:G,3,FALSE) -> h | F13: =SUMIF(B24:H199,B11:B17,H24:H199) -> 184 | G13: =VLOOKUP(B13,MAO_OBRA_PROJETO!D:M,4,FALSE) -> 91.51 | I13: =TRUNC(F13*G13,2) -> 16837.84
A14: 2.1.1.1.4 | B14: 93568M | C14: SINAPI | D14: =VLOOKUP(B14,MAO_OBRA_PROJETO!D:G,2,FALSE) -> Engenheiro Mecânico (Sênior) | E14: =VLOOKUP(B14,MAO_OBRA_PROJETO!D:G,3,FALSE) -> h | F14: =SUMIF(B24:H199,B11:B17,H24:H199) -> 96 | G14: =VLOOKUP(B14,MAO_OBRA_PROJETO!D:M,4,FALSE) -> 91.51 | I14: =TRUNC(F14*G14,2) -> 8784.96
A15: 2.1.1.1.5 | B15: 93560 | C15: SINAPI | D15: =VLOOKUP(B15,MAO_OBRA_PROJETO!D:G,2,FALSE) -> Desenhista copista | E15: =VLOOKUP(B15,MAO_OBRA_PROJETO!D:G,3,FALSE) -> h | F15: =SUMIF(B24:H199,B11:B17,H24:H199) -> 543 | G15: =VLOOKUP(B15,MAO_OBRA_PROJETO!D:M,4,FALSE) -> 13.77 | I15: =TRUNC(F15*G15,2) -> 7477.11
A16: 2.1.1.1.6 | B16: 20010 | C16: DER | D16: =VLOOKUP(B16,MAO_OBRA_PROJETO!D:G,2,FALSE) -> Técnico em Meio Ambiente | E16: =VLOOKUP(B16,MAO_OBRA_PROJETO!D:G,3,FALSE) -> h | F16: =SUMIF(B24:H199,B11:B17,H24:H199) -> 0 | G16: =VLOOKUP(B16,MAO_OBRA_PROJETO!D:M,4,FALSE) -> 29.82 | I16: =TRUNC(F16*G16,2) -> 0
A17: 2.1.1.1.7 | B17: 20008 | C17: DER | D17: =VLOOKUP(B17,MAO_OBRA_PROJETO!D:G,2,FALSE) -> Técnico de Nível Médio | E17: =VLOOKUP(B17,MAO_OBRA_PROJETO!D:G,3,FALSE) -> h | F17: =SUMIF(B24:H199,B11:B17,H24:H199) -> 16 | G17: =VLOOKUP(B17,MAO_OBRA_PROJETO!D:M,4,FALSE) -> 23.93 | I17: =TRUNC(F17*G17,2) -> 382.88
A18: SUBTOTAL DE MÃO DE OBRA | I18: =SUM(I11:I17) -> 70269.81
A19: REMUNERAÇÃO DA EMPRESA - K3 = 1 + remuneração da empresa = 1+0,10 = | I19: =1+0.1 -> 1.1
A20: DESPESAS LEGAIS - K4 = 1 + despesas legais = 1 + 0,0974 = | I20: =1+0.0974 -> 1.0974
A21: CUSTO DO SERVIÇO (MÃO DE OBRA x K3 x K4) | I21: =TRUNC(I18*I19*I20,2) -> 84825.49
A23: 2.1.1.2 | D23: PROJETO ARQUITETÔNICO | F23: =F9 -> 400 | G23: (m²) | I23: =I32 -> 11123.11
A24: 2.1.1.2.1 | B24: =$B$11 -> 93571 | C24: =$C$11 -> SINAPI | D24: =$D$11 -> Arquiteto Sênior | E24: =$E$11 -> h | F24: =SUMIF(B36:H40,B24:B28,H36:H40) -> 87 | G24: =VLOOKUP(B24,MAO_OBRA_PROJETO!D:M,4,FALSE) -> 91.51 | I24: =TRUNC(F24*G24,2) -> 7961.37
A25: 2.1.1.2.2 | B25: =$B$12 -> 93568 | C25: =$C$12 -> SINAPI | D25: =$D$12 -> Engenheiro Civil Sênior | E25: =$E$12 -> h | F25: =SUMIF(B36:H40,B24:B28,H36:H40) -> 0 | G25: =VLOOKUP(B25,MAO_OBRA_PROJETO!D:M,4,FALSE) -> 91.51 | I25: =TRUNC(F25*G25,2) -> 0
A26: 2.1.1.2.3 | B26: =$B$13 -> 91677 | C26: =$C$13 -> DER | D26: =$D$13 -> Engenheiro Eletricista (Sênior) | E26: =$E$13 -> h | F26: =SUMIF(B36:H40,B24:B28,H36:H40) -> 0 | G26: =VLOOKUP(B26,MAO_OBRA_PROJETO!D:M,4,FALSE) -> 91.51 | I26: =TRUNC(F26*G26,2) -> 0
A27: 2.1.1.2.4 | B27: =$B$14 -> 93568M | C27: =$C$14 -> SINAPI | D27: =$D$14 -> Engenheiro Mecânico (Sênior) | E27: =$E$14 -> h | F27: =SUMIF(B36:H40,B24:B28,H36:H40) -> 0 | G27: =VLOOKUP(B27,MAO_OBRA_PROJETO!D:M,4,FALSE) -> 91.51 | I27: =TRUNC(F27*G27,2) -> 0
A28: 2.1.1.2.5 | B28: =$B$15 -> 93560 | C28: =$C$15 -> SINAPI | D28: =$D$15 -> Desenhista copista | E28: =$E$15 -> h | F28: =SUMIF(B36:H40,B24:B28,H36:H40) -> 91 | G28: =VLOOKUP(B28,MAO_OBRA_PROJETO!D:M,4,FALSE) -> 13.77 | I28: =TRUNC(F28*G28,2) -> 1253.07
A29: SUBTOTAL DE MÃO DE OBRA | I29: =SUM(I24:I28) -> 9214.44
A30: REMUNERAÇÃO DA EMPRESA - K3 = 1 + remuneração da empresa = 1+0,10 = | I30: =1+0.1 -> 1.1
A31: DESPESAS LEGAIS - K4 = 1 + despesas legais = 1 + 0,0974 = | I31: =1+0.0974 -> 1.0974
A32: CUSTO DO SERVIÇO (MÃO DE OBRA x K3 x K4) | I32: =TRUNC(I29*I30*I31,2) -> 11123.11
A34: MEMORIAL DESCRITIVO DOS COEFICIENTES
A35: ITENS | B35: CÓDIGO | C35: ORGÃO | D35: PROFISSIONAIS | E35: ÍNDICE (h/m²) | F35: ÁREA (m²) | G35: TOTAL HORAS
A36: =A24 -> 2.1.1.2.1 | B36: =$B$11 -> 93571 | C36: =$C$11 -> SINAPI | D36: =$D$11 -> Arquiteto Sênior | E36: 0.2162 | F36: =IF(E36>0,$F$23,0) -> 400 | G36: =ROUNDUP(E36*F36,0) -> 87 | H36: =G36 -> 87
A37: =A25 -> 2.1.1.2.2 | B37: =$B$12 -> 93568 | C37: =$C$12 -> SINAPI | D37: =$D$12 -> Engenheiro Civil Sênior | F37: =IF(E37>0,$F$23,0) -> 0 | G37: =ROUNDUP(E37*F37,0) -> 0 | H37: =G37 -> 0
A38: =A26 -> 2.1.1.2.3 | B38: =$B$13 -> 91677 | C38: =$C$13 -> DER | D38: =$D$13 -> Engenheiro Eletricista (Sênior) | F38: =IF(E38>0,$F$23,0) -> 0 | G38: =ROUNDUP(E38*F38,0) -> 0 | H38: =G38 -> 0
A39: =A27 -> 2.1.1.2.4 | B39: =$B$14 -> 93568M | C39: =$C$14 -> SINAPI | D39: =$D$14 -> Engenheiro Mecânico (Sênior) | F39: =IF(E39>0,$F$23,0) -> 0 | G39: =ROUNDUP(E39*F39,0) -> 0 | H39: =G39 -> 0
A40: =A28 -> 2.1.1.2.5 | B40: =$B$15 -> 93560 | C40: =$C$15 -> SINAPI | D40: =$D$15 -> Desenhista copista | E40: 0.2274 | F40: =IF(E40>0,$F$23,0) -> 400 | G40: =ROUNDUP(E40*F40,0) -> 91 | H40: =G40 -> 91
A42: 2.1.1.3 | D42: PROJETO URBANÍSTICO E PAISAGÍSTICO | F42: =10%*F9 -> 40 | G42: (m²) | I42: =I51 -> 381.26
A43: 2.1.1.3.1 | B43: =$B$11 -> 93571 | C43: =$C$11 -> SINAPI | D43: =$D$11 -> Arquiteto Sênior | E43: =$E$11 -> h | F43: =SUMIF(B55:H59,B43:B47,H55:H59) -> 3 | G43: =VLOOKUP(B43,MAO_OBRA_PROJETO!D:M,4,FALSE) -> 91.51 | I43: =TRUNC(F43*G43,2) -> 274.53
A44: 2.1.1.3.2 | B44: =$B$12 -> 93568 | C44: =$C$12 -> SINAPI | D44: =$D$12 -> Engenheiro Civil Sênior | E44: =$E$12 -> h | F44: =SUMIF(B55:H59,B43:B47,H55:H59) -> 0 | G44: =VLOOKUP(B44,MAO_OBRA_PROJETO!D:M,4,FALSE) -> 91.51 | I44: =TRUNC(F44*G44,2) -> 0
A45: 2.1.1.3.3 | B45: =$B$13 -> 91677 | C45: =$C$13 -> DER | D45: =$D$13 -> Engenheiro Eletricista (Sênior) | E45: =$E$13 -> h | F45: =SUMIF(B55:H59,B43:B47,H55:H59) -> 0 | G45: =VLOOKUP(B45,MAO_OBRA_PROJETO!D:M,4,FALSE) -> 91.51 | I45: =TRUNC(F45*G45,2) -> 0
A46: 2.1.1.3.4 | B46: =$B$14 -> 93568M | C46: =$C$14 -> SINAPI | D46: =$D$14 -> Engenheiro Mecânico (Sênior) | E46: =$E$14 -> h | F46: =SUMIF(B55:H59,B43:B47,H55:H59) -> 0 | G46: =VLOOKUP(B46,MAO_OBRA_PROJETO!D:M,4,FALSE) -> 91.51 | I46: =TRUNC(F46*G46,2) -> 0
A47: 2.1.1.3.5 | B47: =$B$15 -> 93560 | C47: =$C$15 -> SINAPI | D47: =$D$15 -> Desenhista copista | E47: =$E$15 -> h | F47: =SUMIF(B55:H59,B43:B47,H55:H59) -> 3 | G47: =VLOOKUP(B47,MAO_OBRA_PROJETO!D:M,4,FALSE) -> 13.77 | I47: =TRUNC(F47*G47,2) -> 41.31
A48: SUBTOTAL DE MÃO DE OBRA | I48: =SUM(I43:I47) -> 315.84
A49: REMUNERAÇÃO DA EMPRESA - K3 = 1 + remuneração da empresa = 1+0,10 = | I49: =1+0.1 -> 1.1
A50: DESPESAS LEGAIS - K4 = 1 + despesas legais = 1 + 0,0974 = | I50: =1+0.0974 -> 1.0974
A51: CUSTO DO SERVIÇO (MÃO DE OBRA x K3 x K4) | I51: =TRUNC(I48*I49*I50,2) -> 381.26
A53: MEMORIAL DESCRITIVO DOS COEFICIENTES
A54: ITENS | B54: CÓDIGO | C54: ORGÃO | D54: PROFISSIONAIS | E54: ÍNDICE (h/m²) | F54: ÁREA (m²) | G54: TOTAL HORAS
A55: =A43 -> 2.1.1.3.1 | B55: =$B$11 -> 93571 | C55: =$C$11 -> SINAPI | D55: =$D$11 -> Arquiteto Sênior | E55: 0.0574 | F55: =IF(E55>0,$F$42,0) -> 40 | G55: =ROUNDUP(E55*F55,0) -> 3 | H55: =G55 -> 3
A56: =A44 -> 2.1.1.3.2 | B56: =$B$12 -> 93568 | C56: =$C$12 -> SINAPI | D56: =$D$12 -> Engenheiro Civil Sênior | F56: =IF(E56>0,$F$42,0) -> 0 | G56: =ROUNDUP(E56*F56,0) -> 0 | H56: =G56 -> 0
A57: =A45 -> 2.1.1.3.3 | B57: =$B$13 -> 91677 | C57: =$C$13 -> DER | D57: =$D$13 -> Engenheiro Eletricista (Sênior) | F57: =IF(E57>0,$F$42,0) -> 0 | G57: =ROUNDUP(E57*F57,0) -> 0 | H57: =G57 -> 0
A58: =A46 -> 2.1.1.3.4 | B58: =$B$14 -> 93568M | C58: =$C$14 -> SINAPI | D58: =$D$14 -> Engenheiro Mecânico (Sênior) | F58: =IF(E58>0,$F$42,0) -> 0 | G58: =ROUNDUP(E58*F58,0) -> 0 | H58: =G58 -> 0
A59: =A47 -> 2.1.1.3.5 | B59: =$B$15 -> 93560 | C59: =$C$15 -> SINAPI | D59: =$D$15 -> Desenhista copista | E59: 0.0592 | F59: =IF(E59>0,$F$42,0) -> 40 | G59: =ROUNDUP(E59*F59,0) -> 3 | H59: =G59 -> 3
A61: 2.1.1.4 | D61: PROJETO HIDROMECÂNICO | F61: =F9 -> 400 | G61: (m²) | I61: =I70 -> 32088.38
A62: 2.1.1.4.1 | B62: =$B$11 -> 93571 | C62: =$C$11 -> SINAPI | D62: =$D$11 -> Arquiteto Sênior | E62: =$E$11 -> h | F62: =SUMIF(B74:H78,B62:B66,H74:H78) -> 0 | G62: =VLOOKUP(B62,MAO_OBRA_PROJETO!D:M,4,FALSE) -> 91.51 | I62: =TRUNC(F62*G62,2) -> 0
A63: 2.1.1.4.2 | B63: =$B$12 -> 93568 | C63: =$C$12 -> SINAPI | D63: =$D$12 -> Engenheiro Civil Sênior | E63: =$E$12 -> h | F63: =SUMIF(B74:H78,B62:B66,H74:H78) -> 176 | G63: =VLOOKUP(B63,MAO_OBRA_PROJETO!D:M,4,FALSE) -> 91.51 | I63: =TRUNC(F63*G63,2) -> 16105.76
A64: 2.1.1.4.3 | B64: =$B$13 -> 91677 | C64: =$C$13 -> DER | D64: =$D$13 -> Engenheiro Eletricista (Sênior) | E64: =$E$13 -> h | F64: =SUMIF(B74:H78,B62:B66,H74:H78) -> 0 | G64: =VLOOKUP(B64,MAO_OBRA_PROJETO!D:M,4,FALSE) -> 91.51 | I64: =TRUNC(F64*G64,2) -> 0
A65: 2.1.1.4.4 | B65: =$B$14 -> 93568M | C65: =$C$14 -> SINAPI | D65: =$D$14 -> Engenheiro Mecânico (Sênior) | E65: =$E$14 -> h | F65: =SUMIF(B74:H78,B62:B66,H74:H78) -> 88 | G65: =VLOOKUP(B65,MAO_OBRA_PROJETO!D:M,4,FALSE) -> 91.51 | I65: =TRUNC(F65*G65,2) -> 8052.88
A66: 2.1.1.4.5 | B66: =$B$15 -> 93560 | C66: =$C$15 -> SINAPI | D66: =$D$15 -> Desenhista copista | E66: =$E$15 -> h | F66: =SUMIF(B74:H78,B62:B66,H74:H78) -> 176 | G66: =VLOOKUP(B66,MAO_OBRA_PROJETO!D:M,4,FALSE) -> 13.77 | I66: =TRUNC(F66*G66,2) -> 2423.52
A67: SUBTOTAL DE MÃO DE OBRA | I67: =SUM(I62:I66) -> 26582.16
A68: REMUNERAÇÃO DA EMPRESA - K3 = 1 + remuneração da empresa = 1+0,10 = | I68: =1+0.1 -> 1.1
A69: DESPESAS LEGAIS - K4 = 1 + despesas legais = 1 + 0,0974 = | I69: =1+0.0974 -> 1.0974
A70: CUSTO DO SERVIÇO (MÃO DE OBRA x K3 x K4) | I70: =TRUNC(I67*I68*I69,2) -> 32088.38
A72: MEMORIAL DESCRITIVO DOS COEFICIENTES
A73: ITENS | B73: CÓDIGO | C73: ORGÃO | D73: PROFISSIONAIS | E73: HORA | F73: DIA | G73: TOTAL HORAS
A74: =A62 -> 2.1.1.4.1 | B74: =$B$11 -> 93571 | C74: =$C$11 -> SINAPI | D74: =$D$11 -> Arquiteto Sênior | G74: =ROUNDUP(E74*F74,0) -> 0 | H74: =G74 -> 0
A75: =A63 -> 2.1.1.4.2 | B75: =$B$12 -> 93568 | C75: =$C$12 -> SINAPI | D75: =$D$12 -> Engenheiro Civil Sênior | E75: 8 | F75: 22 | G75: =ROUNDUP(E75*F75,0) -> 176 | H75: =G75 -> 176 | J75: 44
A76: =A64 -> 2.1.1.4.3 | B76: =$B$13 -> 91677 | C76: =$C$13 -> DER | D76: =$D$13 -> Engenheiro Eletricista (Sênior) | G76: =ROUNDUP(E76*F76,0) -> 0 | H76: =G76 -> 0
A77: =A65 -> 2.1.1.4.4 | B77: =$B$14 -> 93568M | C77: =$C$14 -> SINAPI | D77: =$D$14 -> Engenheiro Mecânico (Sênior) | E77: 8 | F77: 11 | G77: =ROUNDUP(E77*F77,0) -> 88 | H77: =G77 -> 88 | J77: 22
A78: =A66 -> 2.1.1.4.5 | B78: =$B$15 -> 93560 | C78: =$C$15 -> SINAPI | D78: =$D$15 -> Desenhista copista | E78: 8 | F78: 22 | G78: =ROUNDUP(E78*F78,0) -> 176 | H78: =G78 -> 176 | J78: 22
A80: Obs.: 1) Estimamos o prazo de execução deste projeto de 1 mês 1) Eng. Mecânico Sênior estimamos 01 profissionais para execução do projeto. Logo, 8 x 11 x 1 x 1 mês = 88 horas 2) Eng. Cívil Sênior estimamos 01 profissional para execução do projeto. Logo, 8 x 22 x 1 x 1 mês = 176 horas 3) Desenhista estimamos 01 profissionais com carga de trabalho de 100% das horas de execução deste projeto. Logo, 1 x 22 x 8 x 1 = 176 horas
A82: 2.1.1.5 | D82: PROJETO ESTRUTURAL / FUNDAÇÃO / GEOTÉCNICO | F82: =F9 -> 400 | G82: (m²) | I82: =I91 -> 6724.91
A83: 2.1.1.5.1 | B83: =$B$11 -> 93571 | C83: =$C$11 -> SINAPI | D83: =$D$11 -> Arquiteto Sênior | E83: =$E$11 -> h | F83: =SUMIF(B95:H99,B83:B87,H95:H99) -> 0 | G83: =VLOOKUP(B83,MAO_OBRA_PROJETO!D:M,4,FALSE) -> 91.51 | I83: =TRUNC(F83*G83,2) -> 0
A84: 2..1.1.5.2 | B84: =$B$12 -> 93568 | C84: =$C$12 -> SINAPI | D84: =$D$12 -> Engenheiro Civil Sênior | E84: =$E$12 -> h | F84: =SUMIF(B95:H99,B83:B87,H95:H99) -> 52 | G84: =VLOOKUP(B84,MAO_OBRA_PROJETO!D:M,4,FALSE) -> 91.51 | I84: =TRUNC(F84*G84,2) -> 4758.52
A85: 2.1.1.5.3 | B85: =$B$13 -> 91677 | C85: =$C$13 -> DER | D85: =$D$13 -> Engenheiro Eletricista (Sênior) | E85: =$E$13 -> h | F85: =SUMIF(B95:H99,B83:B87,H95:H99) -> 0 | G85: =VLOOKUP(B85,MAO_OBRA_PROJETO!D:M,4,FALSE) -> 91.51 | I85: =TRUNC(F85*G85,2) -> 0
A86: 2.1.1.5.4 | B86: =$B$14 -> 93568M | C86: =$C$14 -> SINAPI | D86: =$D$14 -> Engenheiro Mecânico (Sênior) | E86: =$E$14 -> h | F86: =SUMIF(B95:H99,B83:B87,H95:H99) -> 0 | G86: =VLOOKUP(B86,MAO_OBRA_PROJETO!D:M,4,FALSE) -> 91.51 | I86: =TRUNC(F86*G86,2) -> 0
A87: 2.1.1.5.5 | B87: =$B$15 -> 93560 | C87: =$C$15 -> SINAPI | D87: =$D$15 -> Desenhista copista | E87: =$E$15 -> h | F87: =SUMIF(B95:H99,B83:B87,H95:H99) -> 59 | G87: =VLOOKUP(B87,MAO_OBRA_PROJETO!D:M,4,FALSE) -> 13.77 | I87: =TRUNC(F87*G87,2) -> 812.43
A88: SUBTOTAL DE MÃO DE OBRA | I88: =SUM(I83:I87) -> 5570.95
A89: REMUNERAÇÃO DA EMPRESA - K3 = 1 + remuneração da empresa = 1+0,10 = | I89: =1+0.1 -> 1.1
A90: DESPESAS LEGAIS - K4 = 1 + despesas legais = 1 + 0,0974 = | I90: =1+0.0974 -> 1.0974
A91: CUSTO DO SERVIÇO (MÃO DE OBRA x K3 x K4) | I91: =TRUNC(I88*I89*I90,2) -> 6724.91
A93: MEMORIAL DESCRITIVO DOS COEFICIENTES
A94: ITENS | B94: CÓDIGO | C94: ORGÃO | D94: PROFISSIONAIS | E94: ÍNDICE (h/m²) | F94: ÁREA | G94: TOTAL HORAS
A95: =A83 -> 2.1.1.5.1 | B95: =$B$11 -> 93571 | C95: =$C$11 -> SINAPI | D95: =$D$11 -> Arquiteto Sênior | F95: =IF(E95>0,$F$82,0) -> 0 | G95: =ROUNDUP(E95*F95,0) -> 0 | H95: =G95 -> 0
A96: =A84 -> 2..1.1.5.2 | B96: =$B$12 -> 93568 | C96: =$C$12 -> SINAPI | D96: =$D$12 -> Engenheiro Civil Sênior | E96: 0.1288 | F96: =IF(E96>0,$F$82,0) -> 400 | G96: =ROUNDUP(E96*F96,0) -> 52 | H96: =G96 -> 52
A97: =A85 -> 2.1.1.5.3 | B97: =$B$13 -> 91677 | C97: =$C$13 -> DER | D97: =$D$13 -> Engenheiro Eletricista (Sênior) | F97: =IF(E97>0,$F$82,0) -> 0 | G97: =ROUNDUP(E97*F97,0) -> 0 | H97: =G97 -> 0
A98: =A86 -> 2.1.1.5.4 | B98: =$B$14 -> 93568M | C98: =$C$14 -> SINAPI | D98: =$D$14 -> Engenheiro Mecânico (Sênior) | F98: =IF(E98>0,$F$82,0) -> 0 | G98: =ROUNDUP(E98*F98,0) -> 0 | H98: =G98 -> 0
A99: =A87 -> 2.1.1.5.5 | B99: =$B$15 -> 93560 | C99: =$C$15 -> SINAPI | D99: =$D$15 -> Desenhista copista | E99: 0.1475 | F99: =IF(E99>0,$F$82,0) -> 400 | G99: =ROUNDUP(E99*F99,0) -> 59 | H99: =G99 -> 59
A101: 2.1.1.6 | D101: PROJETO GEOMÉTRICO / TERRAPLENAGEM / PAVIMENTAÇÃO | F101: =100*5 -> 500 | G101: (m²) | I101: =I110 -> 414.5 | J101: 100 metros de arruamento para chegada a EBAP por 5,00m de largura
A102: 2.1.1.6.1 | B102: =$B$11 -> 93571 | C102: =$C$11 -> SINAPI | D102: =$D$11 -> Arquiteto Sênior | E102: =$E$11 -> h | F102: =SUMIF(B114:H118,B102:B106,H114:H118) -> 0 | G102: =VLOOKUP(B102,MAO_OBRA_PROJETO!D:M,4,FALSE) -> 91.51 | I102: =TRUNC(F102*G102,2) -> 0
A103: 2.1.1.6.2 | B103: =$B$12 -> 93568 | C103: =$C$12 -> SINAPI | D103: =$D$12 -> Engenheiro Civil Sênior | E103: =$E$12 -> h | F103: =SUMIF(B114:H118,B102:B106,H114:H118) -> 3 | G103: =VLOOKUP(B103,MAO_OBRA_PROJETO!D:M,4,FALSE) -> 91.51 | I103: =TRUNC(F103*G103,2) -> 274.53
A104: 2.1.1.6.3 | B104: =$B$13 -> 91677 | C104: =$C$13 -> DER | D104: =$D$13 -> Engenheiro Eletricista (Sênior) | E104: =$E$13 -> h | F104: =SUMIF(B114:H118,B102:B106,H114:H118) -> 0 | G104: =VLOOKUP(B104,MAO_OBRA_PROJETO!D:M,4,FALSE) -> 91.51 | I104: =TRUNC(F104*G104,2) -> 0
A105: 2.1.1.6.4 | B105: =$B$14 -> 93568M | C105: =$C$14 -> SINAPI | D105: =$D$14 -> Engenheiro Mecânico (Sênior) | E105: =$E$14 -> h | F105: =SUMIF(B114:H118,B102:B106,H114:H118) -> 0 | G105: =VLOOKUP(B105,MAO_OBRA_PROJETO!D:M,4,FALSE) -> 91.51 | I105: =TRUNC(F105*G105,2) -> 0
A106: 2.1.1.6.5 | B106: =$B$15 -> 93560 | C106: =$C$15 -> SINAPI | D106: =$D$15 -> Desenhista copista | E106: =$E$15 -> h | F106: =SUMIF(B114:H118,B102:B106,H114:H118) -> 5 | G106: =VLOOKUP(B106,MAO_OBRA_PROJETO!D:M,4,FALSE) -> 13.77 | I106: =TRUNC(F106*G106,2) -> 68.85
A107: SUBTOTAL DE MÃO DE OBRA | I107: =SUM(I102:I106) -> 343.38
A108: REMUNERAÇÃO DA EMPRESA - K3 = 1 + remuneração da empresa = 1+0,10 = | I108: =1+0.1 -> 1.1
A109: DESPESAS LEGAIS - K4 = 1 + despesas legais = 1 + 0,0974 = | I109: =1+0.0974 -> 1.0974
A110: CUSTO DO SERVIÇO (MÃO DE OBRA x K3 x K4) | I110: =TRUNC(I107*I108*I109,2) -> 414.5
A112: MEMORIAL DESCRITIVO DOS COEFICIENTES
...

Sheet CPU_SERVICO
B2: PROJETOS EXECUTIVOS DO SISTEMA DE MANEJO DE ÁGUAS PLUVIAIS DAS BACIAS HIDROGRÁFICASDO CÓRREGO CAMPO GRANDE, CANAL MARINHO, CÓRREGO JARDIM DE ALAH E CANAL GUARANHUNS
B3: SERV. TÉC. PARA ELABORAÇÃO DE PROJ. E PLA. ORÇAM.
B4: COMPOSIÇÃO ANALÍTICA DE PREÇO UNITÁRIO
B6: DESCRIÇÃO DO SERVIÇO | E6: CPU | F6: ITEM | G6: UNIDADE | H6: P. UNITÁRIO | I6: DATA BASE
A7: =E7 -> CPU-01 | B7: Levantamento batimétrico, incluindo secões de levantamento com distâncias de até 20 metros e transporte do pessoal. Desenhos em escala compativel | E7: CPU-01 | F7: =IFERROR(CONCATENATE(VLOOKUP(E7,#REF!,2,FALSE)),"") | G7: m² | H7: =I38 -> #VALUE! | I7: JANEIRO/2019
B9: 1 - MÃO DE OBRA | C9: CÓDIGO | D9: ÓRGÃO | E9: UNID | F9: COEFIC. | G9: PREÇOS | I9: TOTAL A
G10: UNITÁRIO | H10: PARCIAL
B11: =IFERROR(VLOOKUP(C11,SINAPI_01_19_SEM_DESO!A:D,2,FALSE),"") -> Servente com encargos complementares | C11: 88316 | D11: SINAPI | E11: =IFERROR(VLOOKUP(C11,SINAPI_01_19_SEM_DESO!A:D,3,FALSE),"") -> h | F11: =36/10000 -> 0.0036 | G11: =IFERROR(VLOOKUP(C11,SINAPI_01_19_SEM_DESO!A:D,4,FALSE),"") -> 15,05 | H11: =ROUND(F11*G11,2) -> 0.05
B12: =IFERROR(VLOOKUP(C12,SINAPI_01_19_SEM_DESO!A:D,2,FALSE),"") -> Auxiliar de topógrafo com encargos complementares | C12: 88253 | D12: SINAPI | E12: =IFERROR(VLOOKUP(C12,SINAPI_01_19_SEM_DESO!A:D,3,FALSE),"") -> h | F12: =(8+16)/10000 -> 0.0024 | G12: =IFERROR(VLOOKUP(C12,SINAPI_01_19_SEM_DESO!A:D,4,FALSE),"") -> 15,07 | H12: =ROUND(F12*G12,2) -> 0.04
B13: =IFERROR(VLOOKUP(C13,MAO_OBRA_PROJETO!D:M,2,FALSE),"") -> Desenhista copista | C13: 93560 | D13: SINAPI | E13: =IFERROR(VLOOKUP(C13,MAO_OBRA_PROJETO!D:M,3,FALSE),"") -> h | F13: =16/10000 -> 0.0016 | G13: =IFERROR(VLOOKUP(C13,MAO_OBRA_PROJETO!D:M,4,FALSE),"") -> 13.77 | H13: =ROUND(F13*G13,2) -> 0.02
B14: =IFERROR(VLOOKUP(C14,MAO_OBRA_PROJETO!D:M,2,FALSE),"") -> Engenheiro Civil Sênior | C14: 93568 | D14: SINAPI | E14: =IFERROR(VLOOKUP(C14,MAO_OBRA_PROJETO!D:M,3,FALSE),"") -> h | F14: =3/10000 -> 0.0003 | G14: =IFERROR(VLOOKUP(C14,MAO_OBRA_PROJETO!D:M,4,FALSE),"") -> 91.51 | H14: =ROUND(F14*G14,2) -> 0.03
B15: =IFERROR(VLOOKUP(C15,SINAPI_01_19_SEM_DESO!A:D,2,FALSE),"") -> Topografo com encargos complementares | C15: 90781 | D15: SINAPI | E15: =IFERROR(VLOOKUP(C15,SINAPI_01_19_SEM_DESO!A:D,3,FALSE),"") -> h | F15: =16/10000 -> 0.0016 | G15: =IFERROR(VLOOKUP(C15,SINAPI_01_19_SEM_DESO!A:D,4,FALSE),"") -> 29,02 | H15: =ROUND(F15*G15,2) -> 0.05
B17: TOTAL A | I17: =ROUND(SUM(H11:H16),2) -> 0.19
B19: 2 - MATERIAIS | C19: CÓDIGO | D19: ÓRGÃO | E19: UNID | F19: COEFIC. | G19: PREÇOS | I19: TOTAL B
G20: UNITÁRIO | H20: PARCIAL
B21: =IFERROR(VLOOKUP(C21,SINAPI_01_19_SEM_DESO!A:D,2,FALSE),"") -> Pontalete de madeira nao aparelhada *7,5 x 7,5* cm (3 x 3 ") pinus, mista ou equivalente da regiao | C21: 4491 | D21: SINAPI | E21: =IFERROR(VLOOKUP(C21,SINAPI_01_19_SEM_DESO!A:D,3,FALSE),"") -> m | F21: =3/10000 -> 0.0003 | G21: =IFERROR(VLOOKUP(C21,SINAPI_01_19_SEM_DESO!A:D,4,FALSE),"") -> 4,05 | H21: =F21*G21 -> 0.001215
B22: =IFERROR(VLOOKUP(C22,#REF!,3,FALSE),"") | C22: IEQ002900 | D22: =IFERROR(VLOOKUP(C22,#REF!,2,FALSE),"") | E22: =IFERROR(VLOOKUP(C22,#REF!,4,FALSE),"") | F22: =0.02/10000 -> 2e-06 | G22: =IFERROR(VLOOKUP(C22,#REF!,5,FALSE),"") | H22: =F22*G22 -> #VALUE!
B23: =IFERROR(VLOOKUP(C23,SINAPI_01_19_SEM_DESO!A:D,2,FALSE),"") -> Locacao de nivel optico, com precisao de 0,7 mm, aumento de 32x | C23: 7252 | D23: SINAPI | E23: =IFERROR(VLOOKUP(C23,SINAPI_01_19_SEM_DESO!A:D,3,FALSE),"") -> h | F23: =8/10000 -> 0.0008 | G23: =IFERROR(VLOOKUP(C23,SINAPI_01_19_SEM_DESO!A:D,4,FALSE),"") -> 2,27 | H23: =F23*G23 -> 0.001816
B24: =IFERROR(VLOOKUP(C24,SINAPI_01_19_SEM_DESO!A:D,2,FALSE),"") -> Caminhonete com motor a diesel, potência 180 cv, cabine dupla, 4x4 - chp diurno. Af_11/2015 | C24: 92138 | D24: SINAPI | E24: =IFERROR(VLOOKUP(C24,SINAPI_01_19_SEM_DESO!A:D,3,FALSE),"") -> chp | F24: =16/10000 -> 0.0016 | G24: =IFERROR(VLOOKUP(C24,SINAPI_01_19_SEM_DESO!A:D,4,FALSE),"") -> 120,61 | H24: =F24*G24 -> 0.192976
B25: =IFERROR(VLOOKUP(C25,SINAPI_01_19_SEM_DESO!A:D,2,FALSE),"") -> Locacao de teodolito eletronico, precisao angular de 5 a 7 segundos, incluindo tripe | C25: 7247 | D25: SINAPI | E25: =IFERROR(VLOOKUP(C25,SINAPI_01_19_SEM_DESO!A:D,3,FALSE),"") -> h | F25: =16/10000 -> 0.0016 | G25: =IFERROR(VLOOKUP(C25,SINAPI_01_19_SEM_DESO!A:D,4,FALSE),"") -> 2,27 | H25: =F25*G25 -> 0.003632
B27: TOTAL B | I27: =ROUND(SUM(H21:H26),2) -> #VALUE!
B29: 3 - EQUIPAMENTOS/SERVIÇOS | C29: CÓDIGO | D29: ÓRGÃO | E29: UNID | F29: COEFIC. | G29: PREÇOS | I29: TOTAL C
G30: UNITÁRIO | H30: PARCIAL
H31: =F31*G31 -> 0
H32: =F32*G32 -> 0
H33: =F33*G33 -> 0
B34: TOTAL C | I34: =ROUND(SUM(H31:H33),2) -> 0
B36: SUBTOTAL = (A) + (B) + (C) = | I36: =I17+I27+I34 -> #VALUE!
B37: BDI | I37: =#REF! -> #REF!
B38: TOTAL GERAL | I38: =I36*(1+I37) -> #VALUE!
B39: OBS:
B40: 1) CPU-03 tendo como base SCO-RIO SE 20.10.2000 (B) adequando os coeficente para m²
B41: 2) Os insumos SCO-RIO foram substituidos por insumos SINAPI do Espírito Santo quando equivalentes.
B44: PROJETOS EXECUTIVOS DO SISTEMA DE MANEJO DE ÁGUAS PLUVIAIS DAS BACIAS HIDROGRÁFICASDO CÓRREGO CAMPO GRANDE, CANAL MARINHO, CÓRREGO JARDIM DE ALAH E CANAL GUARANHUNS
B45: SERV. TÉC. PARA ELABORAÇÃO DE PROJ. E PLA. ORÇAM.
B46: COMPOSIÇÃO ANALÍTICA DE PREÇO UNITÁRIO
B48: DESCRIÇÃO DO SERVIÇO | E48: CPU | F48: ITEM | G48: UNIDADE | H48: P. UNITÁRIO | I48: DATA BASE
A49: =E49 -> CPU-02 | B49: Estudo, Levantamento "in loco" e Cadastro de Interferências (Rede de Água, Drenagem, Esgoto, Petróleo/Gás, Energia e Telefonia) | E49: CPU-02 | F49: =IFERROR(CONCATENATE(VLOOKUP(E49,#REF!,2,FALSE)),"") | G49: m² | H49: =I82 -> 0.47 | I49: JANEIRO/2019
B51: 1 - MÃO DE OBRA | C51: CÓDIGO | D51: ÓRGÃO | E51: UNID | F51: COEFIC. | G51: PREÇOS | I51: TOTAL A
G52: UNITÁRIO | H52: PARCIAL
B53: =IFERROR(VLOOKUP(C53,SINAPI_01_19_SEM_DESO!A:D,2,FALSE),"") -> Desenhista detalhista com encargos complementares | C53: 88597 | D53: =IF(C53>0,"SINAPI","") -> SINAPI | E53: =IFERROR(VLOOKUP(C53,SINAPI_01_19_SEM_DESO!A:D,3,FALSE),"") -> h | F53: =F54*2 -> 0.0053333333 | G53: =IFERROR(VLOOKUP(C53,SINAPI_01_19_SEM_DESO!A:D,4,FALSE),"") -> 46,46 | H53: =IFERROR(ROUND(F53*G53,2),"") -> 0.25 | K53: =F53*1000 -> 5.3333333
B54: =IFERROR(VLOOKUP(C54,SINAPI_01_19_SEM_DESO!A:D,2,FALSE),"") -> Servente com encargos complementares | C54: 88316 | D54: =IF(C54>0,"SINAPI","") -> SINAPI | E54: =IFERROR(VLOOKUP(C54,SINAPI_01_19_SEM_DESO!A:D,3,FALSE),"") -> h | F54: =8/3000 -> 0.0026666667 | G54: =IFERROR(VLOOKUP(C54,SINAPI_01_19_SEM_DESO!A:D,4,FALSE),"") -> 15,05 | H54: =IFERROR(ROUND(F54*G54,2),"") -> 0.04 | K54: =F54*1000 -> 2.6666667
B55: =IFERROR(VLOOKUP(C55,SINAPI_01_19_SEM_DESO!A:D,2,FALSE),"") -> Engenheiro civil de obra junior com encargos complementares | C55: 90777 | D55: =IF(C55>0,"SINAPI","") -> SINAPI | E55: =IFERROR(VLOOKUP(C55,SINAPI_01_19_SEM_DESO!A:D,3,FALSE),"") -> h | F55: =F54*0.1 -> 0.00026666667 | G55: =IFERROR(VLOOKUP(C55,SINAPI_01_19_SEM_DESO!A:D,4,FALSE),"") -> 84,86 | H55: =IFERROR(ROUND(F55*G55,2),"") -> 0.02 | K55: =F55*1000 -> 0.26666667
B56: =IFERROR(VLOOKUP(C56,SINAPI_01_19_SEM_DESO!A:D,2,FALSE),"") | D56: =IF(C56>0,"SINAPI","") | E56: =IFERROR(VLOOKUP(C56,SINAPI_01_19_SEM_DESO!A:D,3,FALSE),"") | G56: =IFERROR(VLOOKUP(C56,SINAPI_01_19_SEM_DESO!A:D,4,FALSE),"") | H56: =IFERROR(ROUND(F56*G56,2),"")
B57: =IFERROR(VLOOKUP(C57,SINAPI_01_19_SEM_DESO!A:D,2,FALSE),"") | D57: =IF(C57>0,"SINAPI","") | E57: =IFERROR(VLOOKUP(C57,SINAPI_01_19_SEM_DESO!A:D,3,FALSE),"") | G57: =IFERROR(VLOOKUP(C57,SINAPI_01_19_SEM_DESO!A:D,4,FALSE),"") | H57: =IFERROR(ROUND(F57*G57,2),"")
B58: =IFERROR(VLOOKUP(C58,#REF!,2,FALSE),"") | E58: =IFERROR(VLOOKUP(C58,#REF!,3,FALSE),"") | G58: =IFERROR(VLOOKUP(C58,#REF!,9,FALSE),"") | H58: =IFERROR(ROUND(F58*G58,2),"")
B59: TOTAL A | I59: =ROUND(SUM(H53:H58),2) -> 0.31
B61: 2 - MATERIAIS | C61: CÓDIGO | D61: ÓRGÃO | E61: UNID | F61: COEFIC. | G61: PREÇOS | I61: TOTAL B
G62: UNITÁRIO | H62: PARCIAL
B63: =IFERROR(VLOOKUP(C63,#REF!,3,FALSE),"") | D63: =IFERROR(VLOOKUP(C63,#REF!,2,FALSE),"") | E63: =IFERROR(VLOOKUP(C63,#REF!,4,FALSE),"") | G63: =IFERROR(VLOOKUP(C63,#REF!,7,FALSE),"") | H63: =IFERROR(ROUND(F63*G63,2),"")
B64: =IFERROR(VLOOKUP(C64,#REF!,3,FALSE),"") | D64: =IFERROR(VLOOKUP(C64,#REF!,2,FALSE),"") | E64: =IFERROR(VLOOKUP(C64,#REF!,4,FALSE),"") | G64: =IFERROR(VLOOKUP(C64,#REF!,7,FALSE),"") | H64: =IFERROR(ROUND(F64*G64,2),"")
B65: =IFERROR(VLOOKUP(C65,#REF!,3,FALSE),"") | D65: =IFERROR(VLOOKUP(C65,#REF!,2,FALSE),"") | E65: =IFERROR(VLOOKUP(C65,#REF!,4,FALSE),"") | G65: =IFERROR(VLOOKUP(C65,#REF!,7,FALSE),"") | H65: =IFERROR(ROUND(F65*G65,2),"")
B66: =IFERROR(VLOOKUP(C66,#REF!,3,FALSE),"") | D66: =IFERROR(VLOOKUP(C66,#REF!,2,FALSE),"") | E66: =IFERROR(VLOOKUP(C66,#REF!,4,FALSE),"") | G66: =IFERROR(VLOOKUP(C66,#REF!,7,FALSE),"") | H66: =IFERROR(ROUND(F66*G66,2),"")
H67: =IFERROR(ROUND(F67*G67,2),"") -> 0
B68: TOTAL B | I68: =ROUND(SUM(H63:H67),2) -> 0
B70: 3 - EQUIPAMENTOS/SERVIÇOS | C70: CÓDIGO | D70: ÓRGÃO | E70: UNID | F70: COEFIC. | G70: PREÇOS | I70: TOTAL C
G71: UNITÁRIO | H71: PARCIAL
B72: =IFERROR(VLOOKUP(C72,SINAPI_01_19_SEM_DESO!A:D,2,FALSE),"") -> Caminhonete cabine simples com motor 1.6 Flex, câmbio manual, potência 101/104 cv, 2 portas - chp diurno. Af_11/2015 | C72: 92145 | D72: SINAPI | E72: =IFERROR(VLOOKUP(C72,SINAPI_01_19_SEM_DESO!A:D,3,FALSE),"") -> chp | F72: =F54*0.1 -> 0.00026666667 | G72: =IFERROR(VLOOKUP(C72,SINAPI_01_19_SEM_DESO!A:D,4,FALSE),"") -> 91,51 | H72: =IFERROR(ROUND(F72*G72,2),"") -> 0.02
B73: =IFERROR(VLOOKUP(C73,SINAPI_01_19_SEM_DESO!A:D,2,FALSE),"") -> Caminhonete cabine simples com motor 1.6 Flex, câmbio manual, potência 101/104 cv, 2 portas - chi diurno. Af_11/2015 | C73: 92146 | D73: SINAPI | E73: =IFERROR(VLOOKUP(C73,SINAPI_01_19_SEM_DESO!A:D,3,FALSE),"") -> chi | F73: =F54*0.9 -> 0.0024 | G73: =IFERROR(VLOOKUP(C73,SINAPI_01_19_SEM_DESO!A:D,4,FALSE),"") -> 23,81 | H73: =IFERROR(ROUND(F73*G73,2),"") -> 0.06
H74: =IFERROR(ROUND(F74*G74,2),"") -> 0
H75: =IFERROR(ROUND(F75*G75,2),"") -> 0
H76: =IFERROR(ROUND(F76*G76,2),"") -> 0
B77: TOTAL C | I77: =ROUND(SUM(H72:H76),2) -> 0.08
B79: SUBTOTAL = (A) + (B) + (C) = | I79: =I59+I68+I77 -> 0.39
B80: REMUNERAÇÃO DA EMPRESA - K3 = 1 + remuneração da empresa = 1+0,10 = | I80: 1.1
B81: DESPESAS LEGAIS - K4 = 1 + despesas legais = 1 + 0,0974 = | I81: 1.0974
B82: CUSTO DO SERVIÇO (MÃO DE OBRA x K3 x K4) | I82: =ROUND(I79*I80*I81,2) -> 0.47 | J82: =1000 -> 1000 | K82: =7.5+0.5+0.5 -> 8.5 | L82: =J82*K82 -> 8500 | M82: =I82*L82 -> 3995
B83: OBS.:
B84: 1) Servente: consideramos uma produtividade de 3.000,00 m² para cada 8h trabalhadas em campo para levantamento das interferências. | J84: 8.6 | K84: 1000 | M84: =J84*K84 -> 8600
B85: 2) Engenheiro: foi considerado 10% da hora de campo para supervisão do levantamento, para cada 3.000,00 m² de levantamento e cadastro
B86: 3) Desenhista: para cada hora trabalhada no campo foi considerado acréscimo de 1h de escritório para compatibilização dos projetos.
B87: 4) Caminhonete: para cada hora trabalhada, consideramos 0,10 h como produtiva e 0,90 h como improdutiva para o deslocamento da equipe

Sheet MAO_OBRA_PROJETO
A2: PROJETOS EXECUTIVOS DO SISTEMA DE MANEJO DE ÁGUAS PLUVIAIS DAS BACIAS HIDROGRÁFICASDO CÓRREGO CAMPO GRANDE, CANAL MARINHO, CÓRREGO JARDIM DE ALAH E CANAL GUARANHUNS
A3: SERVIÇOS TÉCNICOS PARA ELABORAÇÃO DE PROJETOS E PLANILHA ORÇAMENTÁRIA
A4: MÃO DE OBRA - PROJETO
A5: DATA BASE: JANEIRO/2019
A6: MÃO DE OBRA - TABELA REFERENCIAL: SINAPI / DER / IOPES (4) - NÃO DESONERADO
A7: ITENS | B7: TABELA / INSUMOS | E7: PROFISSIONAIS | F7: UND | G7: SALÁRIO HORA | H7: PROFISSIONAIS | I7: UNID | J7: PREÇO DE TABELAS COM ENCARGOS (MÊS) (1) | L7: MENOR SALÁRIO (MÊS) | M7: SALÁRIO HORA (2) (H)
B8: SINAPI | C8: DER | D8: COD. ADOTADO (3) | J8: SINAPI | K8: DER (7)
A9: 1 | B9: 93571 | D9: =B9 -> 93571 | E9: Arquiteto Sênior | F9: h | G9: =M9 -> 91.51 | H9: Arquiteto Sênior (9) | I9: =VLOOKUP(B9,SINAPI_01_19_SEM_DESO!A:D,3,FALSE) -> mes | J9: =VLOOKUP(B9,SINAPI_01_19_SEM_DESO!A:D,4,FALSE) -> 20.514,47 | L9: =J9 -> 20.514,47 | M9: =M11 -> 91.51
A10: 2 | C10: 20073 | D10: =C10 -> 20073 | E10: Engenheiro Coordenador (Master) | F10: h | G10: =M10 -> 144.71 | H10: Engenheiro Coordenador (Master) | I10: mes | K10: =1.8404*17298.93 -> 31836.951 | L10: =K10 -> 31836.951 | M10: =ROUND(L10/220,2) -> 144.71
A11: 3 | B11: 93568 | C11: 20079 | D11: =B11 -> 93568 | E11: Engenheiro Civil Sênior | F11: h | G11: =M11 -> 91.51 | H11: Engenheiro Civil Sênior (9) | I11: =VLOOKUP(B11,SINAPI_01_19_SEM_DESO!A:D,3,FALSE) -> mes | J11: =VLOOKUP(B11,SINAPI_01_19_SEM_DESO!A:D,4,FALSE) -> 23.140,23 | K11: =1.8404*13630.9 -> 25086.308 | L11: =J11 -> 23.140,23 | M11: =M12 -> 91.51
A12: 4 | B12: 91677 | D12: =B12 -> 91677 | E12: Engenheiro Eletricista (Sênior) | F12: h | G12: =M12 -> 91.51 | H12: Engenheiro Eletricista (Sênior) (5) (9) | I12: mes | J12: =VLOOKUP(B12,SINAPI_01_19_SEM_DESO!A:D,4,FALSE)*220 -> 20132.2 | L12: =J12 -> 20132.2 | M12: =ROUND(L12/220,2) -> 91.51
A13: 5 | B13: 93568M | D13: =B13 -> 93568M | E13: Engenheiro Mecânico (Sênior) | F13: h | G13: =M13 -> 91.51 | H13: Engenheiro Mecânico (Sênior) (6) (9) | I13: mes | J13: =J11 -> 23.140,23 | L13: =J13 -> 23.140,23 | M13: =M12 -> 91.51
A14: 6 | B14: 93560 | D14: =B14 -> 93560 | E14: Desenhista copista | F14: h | G14: =M14 -> 13.77 | H14: Desenhista copista | I14: =VLOOKUP(B14,SINAPI_01_19_SEM_DESO!A:D,3,FALSE) -> mes | J14: =VLOOKUP(B14,SINAPI_01_19_SEM_DESO!A:D,4,FALSE) -> 3.028,95 | L14: =J14 -> 3.028,95 | M14: =ROUND(L14/220,2) -> 13.77
A15: 7 | C15: 20008 | D15: =C15 -> 20008 | E15: Técnico de Nível Médio | F15: h | G15: =M15 -> 23.93 | H15: Técnico de Nível Médio | I15: mes | K15: =2861.02*1.8404 -> 5265.4212 | L15: =K15 -> 5265.4212 | M15: =ROUND(L15/220,2) -> 23.93
A16: 8 | C16: 20010 | D16: =C16 -> 20010 | E16: Técnico em Meio Ambiente | F16: h | G16: =M16 -> 29.82 | H16: Técnico em Meio Ambiente | I16: mes | K16: =3564.53*1.8404 -> 6560.161 | L16: =K16 -> 6560.161 | M16: =ROUND(L16/220,2) -> 29.82
A18: OBS.:
A19: 1) Encargos Sociais e Complementares conforme respectivas tabelas de referência.
A20: 2) Salário Hora = Salário Mês/220h
A21: 3) Na ausência do código SINAPI foi adotado o código do Órgão de menor preço.
A22: 4) Não foi possível comparar a mão de obra do IOPES, uma vez que, é DESONERADA
A23: 5) Na tabela SINAPI não consta o salário por mês, mas o salário hora, sendo adotado: Salário Mês = Salário Hora x 220h. A título de comparação adotou-se o menor custo hora.
A24: 6) Nas tabelas de referência SINAPI/DER/IOPES, não consta o Salário Base para Eng. Mecânico (Sênior), logo adotamos o mesmo valor do Eng. Civil Sênior do SINAPI com código acrescido da letra "M": 93568M
A25: 7) A Tabela de Referência do DER - JANEIRO/2018 foi atualizada conforme Tabela de Preços de Consultoria do DNIT.
A26: 8) Para os valores constantes nas tabelas de referências, a tabela do SINAPI representa o preço máximo praticado.
A27: 9) Adotado o menor valor para todos os profissional de categoria Sênior = R$ 91,51 que corresponde ao salário SINAPI 91677 Eng. Eletricista (Sênior)

Sheet SINAPI_01_19_SEM_DESO
A1: PCI.817.01 - CUSTO DE COMPOSIÇÕES - SINTÉTICO DATA DE EMISSÃO: 14/02/2019 23:13:43 DATA DE RT: 13/02/2019
A2: ENCARGOS SOCIAIS SOBRE PREÇOS DA MÃO-DE-OBRA: 116,42%(HORA) 73,13%(MÊS)
A3: ABRANGÊNCIA : NACIONAL LOCALIDADE : VITORIA DATA DE PREÇO : 01/2019 - REFERÊNCIA COLETA : MEDIANO
A5: CODIGO | B5: DESCRICAO DA COMPOSICAO | C5: unidade | D5: CUSTO TOTAL
A6: 97141 | B6: Assentamento de tubo de ferro fundido para rede de água, dn 80 mm, junta elástica, instalado em local com nível alto de interferências (não inclui fornecimento). Af_11/2017 | C6: m | D6: 6,77
A7: 97142 | B7: Assentamento de tubo de ferro fundido para rede de água, dn 100 mm, junta elástica, instalado em local com nível alto de interferências (não inclui fornecimento). Af_11/2017 | C7: m | D7: 7,55
A8: 97143 | B8: Assentamento de tubo de ferro fundido para rede de água, dn 150 mm, junta elástica, instalado em local com nível alto de interferências (não inclui fornecimento). Af_11/2017 | C8: m | D8: 9,56
A9: 97144 | B9: Assentamento de tubo de ferro fundido para rede de água, dn 200 mm, junta elástica, instalado em local com nível alto de interferências (não inclui fornecimento). Af_11/2017 | C9: m | D9: 11,54
A10: 97145 | B10: Assentamento de tubo de ferro fundido para rede de água, dn 250 mm, junta elástica, instalado em local com nível alto de interferências (não inclui fornecimento). Af_11/2017 | C10: m | D10: 13,54
A11: 97146 | B11: Assentamento de tubo de ferro fundido para rede de água, dn 300 mm, junta elástica, instalado em local com nível alto de interferências (não inclui fornecimento). Af_11/2017 | C11: m | D11: 15,54
A12: 97147 | B12: Assentamento de tubo de ferro fundido para rede de água, dn 350 mm, junta elástica, instalado em local com nível alto de interferências (não inclui fornecimento). Af_11/2017 | C12: m | D12: 17,55
A13: 97148 | B13: Assentamento de tubo de ferro fundido para rede de água, dn 400 mm, junta elástica, instalado em local com nível alto de interferências (não inclui fornecimento). Af_11/2017 | C13: m | D13: 19,56
A14: 97149 | B14: Assentamento de tubo de ferro fundido para rede de água, dn 450 mm, junta elástica, instalado em local com nível alto de interferências (não inclui fornecimento). Af_11/2017 | C14: m | D14: 21,57
A15: 97150 | B15: Assentamento de tubo de ferro fundido para rede de água, dn 500 mm, junta elástica, instalado em local com nível alto de interferências (não inclui fornecimento). Af_11/2017 | C15: m | D15: 26,01
A16: 97151 | B16: Assentamento de tubo de ferro fundido para rede de água, dn 600 mm, junta elástica, instalado em local com nível alto de interferências (não inclui fornecimento). Af_11/2017 | C16: m | D16: 30,37
... A6387: 95424 | B6387: Curso de capacitação para topógrafo (encargos complementares) - mensalista | C6387: mes | D6387: 23,86
A6392: PRECOS DE INSUMOS
A6393: MES DE COLETA: 01/2019
A6394: LOCALIDADE: 2680 - VITORIA
A6395: ENCARGOS SOCIAIS (%) HORISTA 116,42 MENSALISTA 73,13
A6397: CODIGO | B6397: DESCRICAO DO INSUMO | C6397: unidade | D6397: PRECO MEDIANO R$
A6398: 39840 | B6398: !em processo de desativacao! Ar-condicionado frio split piso-teto 30000 btu/h | C6398: un | D6398: 4.464,22
A6399: 2404 | B6399: !em processo de desativacao! Divisoria colmeia cega com montante e rodape de aluminio anodizado simples (sem colocacao) | C6399: m² | D6399: 81,15
A6400: 2720 | B6400: !em processo de desativacao! Escavadeira draga de arraste, cap. 3/4 Jc 140hp (incl manutencao/operacao) | C6400: h | D6400: 153,26
A6401: 2719 | B6401: !em processo de desativacao! Escavadeira hidraulica sobre esteiras de 99 hp, peso operacional de *16* t e capacidade de 0,85 a 1,00 m3 (locacao com operador, combustivel e manutencao) | C6401: h | D6401: 129,86
A6402: 3378 | B6402: !em processo de desativacao! Haste de aterramento em aco com 3,00 m de comprimento e dn = 3/4", revestida com baixa camada de cobre, sem conector | C6402: un | D6402: 51,42
A6403: 3380 | B6403: !em processo de desativacao! Haste de aterramento em aco com 3,00 m de comprimento e dn = 5/8", revestida com baixa camada de cobre, com conector tipo grampo | C6403: un | D6403: 36,00
A6404: 3379 | B6404: !em processo de desativacao! Haste de aterramento em aco com 3,00 m de comprimento e dn = 5/8", revestida com baixa camada de cobre, sem conector | C6404: un | D6404: 34,75
A6405: 13382 | B6405: !em processo de desativacao! Luminaria fechada p/ iluminacao publica, tipo abl 50/f ou equiv, p/ lampada a vapor de mercurio 400w | C6405: un | D6405: 178,85
A6406: 11088 | B6406: !em processo de desativacao! Telha ceramica tipo plan, comprimento de *47* cm, rendimento de *26* telhas/m2 | C6406: un | D6406: 0,86
A6407: 4126 | B6407: !em processo de desativacao! Terminal de porcelana (mufla) unipolar, uso externo, tensao 3,6/6 kv, para cabo de 10/16 mm2, com isolamento epr | C6407: un | D6407: 209,97
A6408: 10615 | B6408: !em processo de desativacao! Veiculo de passeio com motor 1.0 Flex, potencia 72/85 cv, 5 portas, cor solida, basico | C6408: un | D6408: 42.311,40
A6409: 39845 | B6409: !em processo de desativacao# ar-condicionado frio split hi-wall (parede) 7000 btu/h | C6409: un | D6409: 1.146,00
... A11684: 11157 | B11684: Wash primer para tinta automotiva | C11684: gl | D11684: 130,04
A11686: TOTAL DE INSUMOS : 5287
